 Dungeon Crawl Stone Soup version 0.20-a0-3-g334f831 (webtiles) character file.

1105 Glaeka the Firebug (level 8, -1/44 HPs)
             Began as a Tengu Fire Elementalist on Oct 30, 2016.
             Slain by a hippogriff (7 damage)
             ... on level 8 of the Dungeon.
             The game lasted 00:32:24 (3269 turns).

Glaeka the Firebug (Tengu Fire Elementalist)        Turns: 3269, Time: 00:32:25

Health: -1/44      AC:  3    Str:  9    XL:     8   Next: 32%
Magic:  13/16      EV: 12    Int: 18    God:
Gold:   240        SH:  6    Dex: 14    Spells: 5 memorised, 1 level left

rFire  . . .     SeeInvis .     a - +1 trident (flame)
rCold  . . .     Gourm    .     f - +0 robe
rNeg   . . .     Faith    .     k - +2 buckler
rPois  .         Spirit   .     (helmet restricted)
rElec  .         Reflect  .     h - +0 cloak
rCorr  .         Harm     .     (no gloves)
MR     .....                    (boots unavailable)
Stlth  ++........               (no amulet)
                                (no ring)
                                (no ring)

@: no status effects
A: beak, talons 3, able to fly 1
a: Fly


You were on level 8 of the Dungeon.
You were not hungry.

You visited 1 branch of the dungeon, and saw 8 of its levels.

You collected 240 gold pieces.

Inventory:

Hand Weapons
 a - a +1 trident of flaming (weapon)
 w - a cursed +0 shortbow
 F - the cursed +3 great mace "Dragonbane" {drain, rPois rN+ Str-4 Int+4}
   (You found it on level 7 of the Dungeon)

   A truly terrible weapon, it drains the life of those it strikes.
   It affects your strength (-4).
   It affects your intelligence (+4).
   It protects you from poison.
   It protects you from negative energy.
   It has a curse placed upon it.
Missiles
 m - 3 tomahawks (quivered)
 s - 10 poisoned needles
 D - 7 poisoned javelins
 E - 4 javelins
Armour
 f - a +0 robe (worn)
 h - a +0 cloak (worn)
 k - a +2 buckler (worn)
Jewellery
 p - an uncursed amulet of guardian spirit
Scrolls
 g - 2 scrolls of remove curse
 i - a scroll of fog {unknown}
 l - a scroll of identify
 o - 2 scrolls of noise {unknown}
 q - a scroll of amnesia {unknown}
 t - a scroll of teleportation {unknown}
 u - a scroll of recharging {unknown}
 y - a scroll of vulnerability {unknown}
Potions
 j - a potion of lignification
 n - 3 potions of curing
 v - a potion of brilliance {unknown}
 x - a potion of might
 A - 2 potions of resistance {unknown}
 B - a potion of berserk rage {unknown}
 C - 2 potions of degeneration {unknown}
Books
 b - a book of Flames

   Spells                             Type                      Level
   a - Flame Tongue                   Conjuration/Fire             1
   b - Throw Flame                    Conjuration/Fire             2
   c - Conjure Flame                  Conjuration/Fire             3
   d - Inner Flame                    Hexes/Fire                   3
   e - Sticky Flame                   Conjuration/Fire             4
   f - Fireball                       Conjuration/Fire             5
 r - a book of Cantrips

   Spells                             Type                      Level
   a - Confusing Touch                Hexes                        1
   b - Animate Skeleton               Necromancy                   1
   c - Summon Small Mammal            Summoning                    1
   d - Apportation                    Translocation                1
Comestibles
 c - 2 bread rations
 z - a beef jerky


   Skills:
 + Level 1.9 Fighting
 - Level 0.2 Polearms
 - Level 2.1 Dodging
 - Level 2.0 Stealth
 + Level 0.8 Shields
 + Level 4.6 Spellcasting
 + Level 5.9 Conjurations
 * Level 7.8 Fire Magic


You had one spell level left.
You knew the following spells:

 Your Spells              Type           Power        Failure   Level  Hunger
a - Flame Tongue          Conj/Fire      ####.        1%          1    None
b - Throw Flame           Conj/Fire      ####..       1%          2    #......
c - Conjure Flame         Conj/Fire      ####....     3%          3    ###....
d - Sticky Flame          Conj/Fire      ####....     14%         4    ####...
e - Fireball              Conj/Fire      ####......   34%         5    ######.


Dungeon Overview and Level Annotations

Branches:
Dungeon (8/15)
 Temple: D:4-7         Lair: D:8-11

Altars:

Shops:
D:4 [

Annotations:
D:7 Prince Ribbit


Innate Abilities, Weirdness & Mutations

You have a beak for a mouth.
You have claws for feet.
You can fly.


Message History

The hippogriff bites you. The hippogriff pecks you.
* * * LOW HITPOINT WARNING * * *
The hippogriff barely misses you.
As you read the scroll of fear, it crumbles to dust.
You assume a fearsome visage.
The hippogriff looks frightened!
You hear a distant blaring wail to the east.
Casting: Flame Tongue
Confirm with . or Enter, or press ? or * to list all spells.
Aiming: Flame Tongue
Press: ? - help, Shift-Dir - straight line, f/p - hippogriff
Aim: a hippogriff (moderately wounded, fleeing)
The flame tongue hits the hippogriff.
The hippogriff is heavily wounded.
Your attack snaps the hippogriff out of its fear.
You puncture the hippogriff! You burn the hippogriff. You claw the hippogriff.
The hippogriff is severely wounded.
The hippogriff bites you.
* * * LOW HITPOINT WARNING * * *
The hippogriff pecks you!
You die...

.# ...
############H######.##
.>.........†.........#
##.......###.######..####..
.........# ...............
.........# #..####..#
#........# ..#.....#
#........#####.#.#...#
#........H@......#...#
#........#....#..#...#
#.............+..#...#
#.#####+##....##.#...# #.
#...........# #.....)<....#
#####....###.#..#
.................#
#######.....##..##


You could see a hippogriff.

Vanquished Creatures
  An ice beast (D:7)
  A centaur (D:8)
  An ogre (D:7)
  A big kobold (D:8)
  2 bullfrogs
  2 scorpions
  A howler monkey (D:8)
  A crimson imp (D:6)
  2 bullfrog skeletons
  2 hounds
  An iguana (D:5)
  5 worker ants
  A howler monkey zombie (D:5)
  3 worker ant zombies
  8 adders
  3 shadow imps
  An ooze (D:1)
  An adder zombie (D:5)
  An adder skeleton (D:5)
  A worm (D:3)
  3 dart slugs
  2 leopard geckos
  5 orcs
  2 ball pythons
  9 bats
  4 giant cockroaches
  3 goblins
  5 hobgoblins
  3 jackals (D:1)
  8 kobolds
  2 quokkas
  4 frilled lizards
  A jackal skeleton (D:5)
  6 rats (D:1)
  A plant (D:4)
97 creatures vanquished.

Notes
Turn   | Place    | Note
-------+----------+-------------------------------------------
     0 | D:1      | Glaeka the Tengu Fire Elementalist began the quest for the Orb.
     0 | D:1      | Reached XP level 1. HP: 10/10 MP: 4/4
    95 | D:1      | Reached XP level 2. HP: 8/15 MP: 0/6
   104 | D:1      | Learned a level 2 spell: Throw Flame
   141 | D:1      | Reached skill level 4 in Fire Magic
   259 | D:1      | Reached XP level 3. HP: 17/19 MP: 2/7
   276 | D:1      | Learned a level 3 spell: Conjure Flame
   842 | D:2      | Reached XP level 4. HP: 24/24 MP: 4/8
  1145 | D:3      | Reached skill level 5 in Fire Magic
  1714 | D:4      | Gained mutation: You can fly. [Tengu growth]
  1714 | D:4      | Reached XP level 5. HP: 21/28 MP: 3/9
  1848 | D:4      | Found Xeubudio's Antique Armour Shoppe.
  2079 | D:5      | Entered Level 5 of the Dungeon
  2106 | D:5      | Reached skill level 6 in Fire Magic
  2106 | D:5      | Reached XP level 6. HP: 23/33 MP: 7/11
  2112 | D:5      | Learned a level 4 spell: Sticky Flame
  2536 | D:5      | Reached XP level 7. HP: 12/37 MP: 0/13
  2815 | D:6      | Reached skill level 7 in Fire Magic
  2870 | D:7      | Reached skill level 1 in Fighting
  2870 | D:7      | Reached skill level 5 in Conjurations
  2885 | D:7      | Reached XP level 8. HP: 25/43 MP: 0/15
  2897 | D:7      | Learned a level 5 spell: Fireball
  2919 | D:7      | Noticed Prince Ribbit
  2972 | D:7      | Got a crystal great mace
  2973 | D:7      | Identified the cursed +3 great mace "Dragonbane" {drain, rPois rN+ Str-4 Int+4} (You found it on level 7 of the Dungeon)
  3206 | D:8      | Noticed a cyclops
  3243 | D:8      | Noticed a hippogriff
  3269 | D:8      | Slain by a hippogriff

Vault maps used:
D:1:      minmay_arrival_wavy_path
D:3:      first_bread
D:4:      serial_bayou, serial_bayou_lagoon_a, serial_bayou_pond_c,
          serial_bayou_pond_e, serial_bayou_ford_a, kennysheep_windowed_goal
D:6:      lemuel_round_altar
D:7:      chequers_temple_overflow_minitemple, uniq_joseph, uniq_prince_ribbit1
D:8:      amethyst_overflow_temple_binary

Skill      XL: |  1  2  3  4  5  6  7 |
---------------+----------------------+-----
Fire Magic     | 4 5 6 7 |  7.8
Conjurations   | 2 3 4 5 |  5.9
Spellcasting   | 3 4 |  4.6
Fighting       | 1 |  1.9
Polearms       | |  0.2
Dodging        | |  2.1
Stealth        | |  2.0
Shields        | |  0.8

Action                   |  1- 3 |  4- 6 |  7- 9 || total
-------------------------+-------+-------+-------++-------
Melee: Dagger            |    27 |       |       ||    27
       Kick              |     8 |    24 |    12 ||    44
       Peck              |     4 |    20 |    10 ||    34
       Mace              |     2 |    86 |       ||    88
       Trident           |       |       |    61 ||    61
Throw: Tomahawk          |       |       |     4 ||     4
 Cast: Flame Tongue      |    41 |    66 |    36 ||   143
       Throw Flame       |     3 |     9 |     7 ||    19
       Conjure Flame     |       |     3 |     2 ||     5
       Sticky Flame      |       |     2 |       ||     2
 Abil: Fly               |       |     1 |       ||     1
  Use: Potion            |     1 |     2 |     1 ||     4
       Scroll            |     2 |     1 |     4 ||     7
 Stab: Sleeping          |       |     2 |     2 ||     4
  Eat: Chunk             |     1 |     1 |       ||     2
       Fruit             |       |     3 |       ||     3
       Beef jerky        |       |     1 |       ||     1
       Meat ration       |       |     1 |       ||     1
Armor: Robe              |     8 |    18 |     7 ||    33
Dodge: Dodged            |    18 |    48 |    28 ||    94
Block: Buckler           |       |     6 |    18 ||    24
